 Dungeon Crawl Stone Soup version 0.19.0-19-g8c6edcc (webtiles) character file.

7786 Peloso the Carver (level 11, -5/94 HPs)
             Began as a Ghoul Fighter on Nov 16, 2016.
             Was an Elder of Okawaru.
             Slain by a komodo dragon (24 damage)
             ... on level 1 of the Lair of Beasts.
             The game lasted 00:34:52 (7933 turns).

Peloso the Carver (Ghoul Fighter)                   Turns: 7933, Time: 00:34:52

Health: -5/94      AC: 20    Str: 21    XL:     11   Next: 20%
Magic:  10/10      EV:  6    Int:  3    God:    Okawaru [****..]
Gold:   373        SH: 11    Dex: 15    Spells: 0 memorised, 10 levels left

rFire  . . .     SeeInvis .     a - +1 long sword
rCold  + . .     Gourm    .     x - +1 plate armour
rNeg   + + +     Faith    .     c - +0 shield
rPois  ∞         Spirit   .     k - +2 helmet
rElec  .         Reflect  .     (no cloak)
rCorr  .         Harm     .     j - +2 pair of gloves
MR     .....                    (no boots)
Stlth  ..........               g - amulet of regeneration
                                G - +4 ring of dexterity
                                (no ring)

@: rotting
A: rotting body, claws 1, carnivore 3, cold resistance 1, negative energy
resistance 3, slow regeneration 1, torment resistance, unbreathing
a: Heroism, Renounce Religion


You were on level 1 of the Lair of Beasts.
You worshipped Okawaru.
Okawaru was greatly pleased with you.
You were not hungry.

You visited 3 branches of the dungeon, and saw 10 of its levels.
You also visited: Sewer.

You collected 373 gold pieces.

Inventory:

Hand Weapons
 a - a +1 long sword (weapon)
 b - a +0 short sword of flaming
 y - the +7 flail "Folick" {antimagic, +Rage MR++ Int-2 SInv}
   (You found it on level 5 of the Dungeon)

   It reduces the magical energy of the wielder, and disrupts the spells and
   magical abilities of those hit.
   Natural abilities and divine invocations are not affected.
   It affects your intelligence (-2).
   It affects your resistance to hostile enchantments.
   It lets you see invisible.
   It lets you go berserk.
 I - a +0 long sword of holy wrath
Armour
 c - a +0 shield (worn)
 i - a +0 pair of gloves
 j - a +2 pair of gloves (worn)
 k - a +2 helmet (worn)
 x - a +1 plate armour (worn)
 E - +0 steam dragon scales
Jewellery
 g - an amulet of regeneration (around neck)
 n - an uncursed ring of ice
 o - an uncursed ring of flight
 t - an uncursed ring of stealth
 D - an uncursed ring of stealth
 G - a +4 ring of dexterity (right hand)
Wands
 h - a wand of paralysis (13/24)
 u - a wand of lightning (15/15)
 H - a wand of disintegration (5/24)
 J - a wand of disintegration (7/24)
Scrolls
 m - a scroll of fear
 z - a scroll of enchant weapon
 A - a scroll of blinking
 C - 3 scrolls of teleportation
 K - 2 scrolls of recharging
 M - a scroll of amnesia
Potions
 d - a potion of might
 l - 2 potions of cure mutation
 p - 4 potions of agility
 q - 3 potions of flight
 r - 2 potions of mutation
 s - 3 potions of curing {unknown}
 w - a potion of resistance {unknown}
 F - a potion of heal wounds {unknown}
Comestibles
 f - 3 meat rations
 v - a slice of pizza
 B - a royal jelly


   Skills:
 + Level 8.2 Fighting
 + Level 0.1(6.1) Short Blades
 + Level 9.8(9.9) Long Blades
 + Level 6.9 Armour
 + Level 2.4 Dodging
 + Level 1.0 Stealth
 + Level 8.3 Shields
 + Level 0.9 Invocations


You had 10 spell levels left.
You didn't know any spells.

Dungeon Overview and Level Annotations

Branches:
Dungeon (8/15)             Temple (1/1) D:4            Lair (1/6) D:8

Altars:
Ashenzari
Cheibriados
Dithmenos
Fedhas
Kikubaaqudgha
Makhleb
Nemelex Xobeh
Okawaru
Qazlal
Ru
Sif Muna
Trog
Vehumet
Xom
Yredelemnul

Shops:
D:8 *


Innate Abilities, Weirdness & Mutations

Your body is rotting away.
You thrive on raw meat.
You are immune to poison.
You have sharp fingernails.
You are carnivorous and can eat meat at any time.
Your flesh is cold resistant. (rC+)
You are immune to negative energy. (rN+++)
You regenerate slowly when monsters are visible.
You are immune to unholy pain and torment.
You can survive without breathing.


Message History

The komodo dragon is severely wounded.
Unknown command.
You barely miss the komodo dragon.
The komodo dragon is severely wounded.
The komodo dragon bites you! x2
* * * LOW HITPOINT WARNING * * *
You hit the komodo dragon but do no damage.
The komodo dragon is severely wounded.
You block the komodo dragon's attack.
You hit the komodo dragon but do no damage.
The komodo dragon is severely wounded.
The komodo dragon barely misses you.
Unknown command.
You hit the komodo dragon but do no damage.
The komodo dragon is severely wounded.
Unknown command.
You slash the komodo dragon!
The komodo dragon is almost dead.
The komodo dragon bites you!!
You die...

........... ..........
.......... .........
......... ........#
......l.## #PP@.###
###....# #######..#
####.##...#..#
#..⌠..#...#P..#
##.....#...###..# ###.
#.⌠.>.⌠......##..###....
######.....#...<##
#..#.....
#..####...#.....#####......


You could see a komodo dragon.

Vanquished Creatures
  A hydra (Lair:1)
  3 spiny frogs (Lair:1)
  A rime drake (Lair:1)
  2 komodo dragons
  A hornet (D:8)
  2 hippogriffs
  A basilisk (Lair:1)
  6 yaks
  A steam dragon (D:6)
  Duvessa (D:5)
  A water moccasin (Lair:1)
  3 orc warriors
  Purgy (Sewer)
  An ice beast (D:5)
  3 sky beasts (D:8)
  A necrophage (D:5)
  A phantom (D:7)
  5 centaurs
  2 wolves (Lair:1)
  Blork the orc (D:3)
  8 bullfrogs
  A big kobold (D:8)
  Dowan (D:5)
  4 scorpions
  5 crimson imps
  A bullfrog zombie (D:6)
  A centaur zombie (D:6)
  A bullfrog skeleton (D:4)
  5 orc priests
  4 hounds
  A jelly (D:6)
  7 orc wizards
  Natasha (thrice) (D:5 D:4)
  3 iguanas
  2 worker ants
  A worker ant zombie (D:5)
  Robin (D:2)
  8 adders
  2 oozes
  A worm (D:2)
  8 leopard geckos
  29 orcs
  5 bats
  7 giant cockroaches
  19 goblins
  7 hobgoblins
  8 jackals
  12 kobolds
  2 quokkas
  5 frilled lizards
  2 quokka skeletons
  15 rats
217 creatures vanquished.

Vanquished Creatures (others)
  A fungus (Lair:1)
  2 plants (D:8)
3 creatures vanquished.

Grand Total: 220 creatures vanquished

Notes
Turn   | Place    | Note
-------+----------+-------------------------------------------
     0 | D:1      | Peloso the Ghoul Fighter began the quest for the Orb.
     0 | D:1      | Reached XP level 1. HP: 19/19 MP: 0/0
    39 | D:1      | Reached XP level 2. HP: 22/25 MP: 1/1
   306 | D:1      | Reached XP level 3. HP: 32/33 MP: 2/2
   485 | D:1      | Reached skill level 2 in Long Blades
   661 | D:2      | Noticed Robin
   706 | D:2      | Killed Robin
   706 | D:2      | Reached XP level 4. HP: 34/40 MP: 3/3
   747 | D:2      | Found a faded altar of an unknown god.
   901 | D:2      | Found a shadowy altar of Dithmenos.
  1428 | D:3      | Found a stormy altar of Qazlal.
  1837 | D:4      | Noticed Blork the orc
  1864 | D:3      | Reached XP level 5. HP: 33/46 MP: 4/4
  1883 | D:3      | Killed Blork the orc
  1883 | D:3      | Reached skill level 3 in Long Blades
  1883 | D:3      | Reached skill level 1 in Dodging
  1986 | D:4      | Reached XP level 6. HP: 42/52 MP: 5/5
  2653 | D:4      | Noticed Natasha
  2667 | D:5      | Entered Level 5 of the Dungeon
  2674 | D:5      | Killed Natasha
  2682 | D:5      | Noticed Natasha
  2733 | D:4      | Killed Natasha
  2854 | D:5      | Reached skill level 4 in Long Blades
  2854 | D:5      | Reached XP level 7. HP: 53/60 MP: 6/6
  2884 | D:5      | Noticed Duvessa
  2895 | D:5      | Noticed Dowan
  2901 | D:5      | Killed Duvessa
  2912 | D:5      | Killed Dowan
  2941 | D:5      | Got an encrusted flail
  2942 | D:5      | Identified the +7 flail "Folick" {antimagic, +Rage MR++ Int-2 SInv} (You found it on level 5 of the Dungeon)
  3043 | D:5      | Reached skill level 5 in Long Blades
  3045 | D:5      | Found a blossoming altar of Fedhas.
  3086 | D:5      | Reached XP level 8. HP: 67/67 MP: 7/7
  3182 | D:5      | Reached skill level 5 in Fighting
  3420 | D:4      | Reached skill level 5 in Shields
  3440 | D:4      | Found a burning altar of Makhleb.
  3481 | D:4      | Found a staircase to the Ecumenical Temple.
  3551 | Temple   | Entered the Ecumenical Temple
  3593 | Temple   | Became a worshipper of Warmaster Okawaru
  3773 | D:4      | Noticed Natasha
  3784 | D:4      | Killed Natasha
  4137 | D:6      | Reached skill level 6 in Long Blades
  4232 | D:6      | Reached * piety under Okawaru
  4235 | D:6      | Reached XP level 9. HP: 43/75 MP: 8/8
  4273 | D:6      | Found a basalt altar of Yredelemnul.
  4342 | D:6      | Reached skill level 7 in Long Blades
  4412 | D:6      | Found a glowing drain.
  4446 | Sewer    | Entered a sewer
  4460 | Sewer    | Noticed Purgy
  4473 | Sewer    | Killed Purgy
  4473 | Sewer    | Reached skill level 5 in Armour
  4669 | D:6      | Found a sparkling altar of Nemelex Xobeh.
  4951 | D:6      | Reached ** piety under Okawaru
  5558 | D:7      | Found a sacrificial altar of Ru.
  5890 | D:8      | Noticed a hornet
  5938 | D:7      | Reached *** piety under Okawaru
  5938 | D:7      | Reached skill level 8 in Long Blades
  5959 | D:8      | Killed a hornet
  5959 | D:8      | Reached XP level 10. HP: 64/86 MP: 9/9
  6105 | D:8      | Received a gift from Okawaru
  6151 | D:8      | Found Pocets's Assorted Antiques.
  6358 | D:8      | Reached skill level 9 in Long Blades
  6645 | D:8      | Found a shattered altar of Ashenzari.
  6645 | D:8      | Found a burning altar of Makhleb.
  6714 | D:8      | Found a staircase to the Lair.
  6745 | D:8      | Reached **** piety under Okawaru
  7123 | Lair:1   | Entered Level 1 of the Lair of Beasts
  7123 | Lair:1   | Noticed a spiny frog
  7142 | Lair:1   | Killed a spiny frog
  7281 | Lair:1   | Noticed a spiny frog
  7282 | Lair:1   | Noticed a spiny frog
  7301 | Lair:1   | Killed a spiny frog
  7316 | Lair:1   | Killed a spiny frog
  7316 | Lair:1   | Reached skill level 1 in Stealth
  7332 | Lair:1   | Reached XP level 11. HP: 71/94 MP: 10/10
  7799 | Lair:1   | Noticed a five-headed hydra
  7818 | Lair:1   | Killed a five-headed hydra
  7933 | Lair:1   | Slain by a komodo dragon

Skill      XL: |  1  2  3  4  5  6  7  8  9 10 11 |
---------------+----------------------------------+-----
Armour         | 3 4 5 6 |  6.9
Shields        | 3 4 5 6 7 8 |  8.3
Long Blades    | 2 3 4 5 6 8 9 |  9.8
Fighting       | 4 5 7 8 |  8.2
Dodging        | 1 2 |  2.4
Stealth        | 1 |  1.0
Short Blades   | |  0.1
Invocations    | |  0.9

Action                   |  1- 3 |  4- 6 |  7- 9 | 10-12 || total
-------------------------+-------+-------+-------+-------++-------
Melee: Long sword        |   158 |   244 |   562 |   397 ||  1361
       Short sword       |       |       |       |    21 ||    21
Invok: Heroism           |       |       |     1 |     9 ||    10
  Use: Scroll            |       |    10 |     8 |     4 ||    22
       Potion            |       |     1 |       |       ||     1
  Eat: Chunk             |    13 |    15 |    22 |    27 ||    77
Armor: Scale mail        |     5 |       |       |       ||     5
       Chain mail        |   111 |   214 |       |       ||   325
       Plate armour      |       |    10 |   366 |   190 ||   566
Dodge: Dodged            |    52 |    75 |    93 |    80 ||   300
Block: Shield            |    85 |   172 |   342 |   185 ||   784
       Rpst.: Long sword |    17 |    28 |    24 |    25 ||    94
